[Event "Titled Tuesday Blitz November 01 Early 2022"]
[White "Tleptsok, Ruslan"]
[Black "Kowalczyk, Pawel"]
[WhiteFideId "24104485"]
[BlackFideId "1130641"]
[WhiteElo "2130"]
[BlackElo "2324"]
[Result "1/2-1/2"]
[Round "08"]
[TimeControl "180+1"]
[Date "2022.11.02"]
[WhiteClock "0:00:58"]
[BlackClock "0:00:37"]

1. e4 c5 2. Nf3 e6 3. c3 Nf6 4. e5 Nd5 5. d4 d6 6. exd6 Bxd6 7. Bd3 Nc6 8. O-O cxd4 9. cxd4 h6 10. Nc3 Nce7 11. Re1 O-O 12. Ne4 Bf4 13. g3 Bxc1 14. Rxc1 b6 15. Ne5 Bb7 16. a3 Rc8 17. Rxc8 Qxc8 18. Nd6 Qc7 19. Nxb7 Qxb7 20. Qf3 Qc7 21. Qe4 Nf6 22. Qf4 Ned5 23. Qd2 Rc8 24. h4 Qd6 25. Rc1 Rxc1+ 26. Qxc1 Qc7 27. Qxc7 Nxc7 28. Nc6 a5 29. Kf1 Kf8 30. Ke2 Nfd5 31. Be4 f6 32. Bxd5 exd5 33. b4 axb4 34. Nxb4 Ke7 35. Kd3 h5 36. f3 g5 37. f4 gxh4 38. gxh4 Ke6 39. Ke3 Nb5 40. f5+ Kd6 41. a4 Nc3 42. Nd3 Nxa4 43. Nf4 Nc3 44. Nxh5 Ne4 45. Ng7 Ke7 46. h5 Kf7 47. Ne6 Ng3 48. Kf4 Nxh5+ 49. Kg4 Ng7 50. Nf4 Ne8 51. Nxd5 b5 52. Kf4 Nd6 53. Nb4 Ke7 54. Nd3 Kd7 55. Nb4 Ne8 56. Nd5 Kd6 57. Ke4 Kc6 58. Nb4+ Kd6 59. Nd5 Kc6 60. Nb4+ Kd6 61. Nd5 1/2-1/2


[Site "https://www.chess.com"]

[Event "Titled Tuesday Blitz November 01 Early 2022"]
[White "Tokhirjonova, Gulrukhbegim"]
[Black "Molina, Roberto Junio Brito"]
[WhiteFideId "14203626"]
[BlackFideId "2109450"]
[WhiteElo "2236"]
[BlackElo "2388"]
[Result "0-1"]
[Round "08"]
[TimeControl "180+1"]
[Date "2022.11.02"]
[WhiteClock "0:00:16"]
[BlackClock "0:01:07"]

1. e4 c6 2. d4 d5 3. e5 Bf5 4. Nf3 e6 5. Be2 Bg6 6. O-O Nh6 7. c4 dxc4 8. Bxc4 Nf5 9. Nc3 Be7 10. g3 Bh5 11. Be3 O-O 12. Be2 Nd7 13. Ne4 Nb6 14. Nc5 Rb8 15. Re1 Nd5 16. Qb3 b6 17. Ne4 Rc8 18. Rad1 Rc7 19. Kg2 Qa8 20. h3 Rd8 21. g4 Nfxe3+ 22. fxe3 Bg6 23. Ng3 c5 24. Kh2 cxd4 25. Nxd4 Bc5 26. Bf3 Qc8 27. e4 Ne7 28. Nb5 Rcd7 29. Rxd7 Rxd7 30. Rd1 Nc6 31. Rxd7 Qxd7 32. Qc3 a6 33. Na3 Qd4 34. Nc4 Qg1# 0-1


[Site "https://www.chess.com"]

[Event "Titled Tuesday Blitz November 01 Early 2022"]
[White "Unat, Can Haktan"]
[Black "Ristic, Nebojsa B"]
[WhiteFideId "6398073"]
[BlackFideId "935468"]
[WhiteElo "2146"]
[BlackElo "2320"]
[Result "0-1"]
[Round "08"]
[TimeControl "180+1"]
[Date "2022.11.02"]
[WhiteClock "0:00:01"]
[BlackClock "0:00:22"]

1. d4 Nf6 2. c4 e6 3. Nc3 Bb4 4. Bg5 h6 5. Bh4 g5 6. Bg3 Ne4 7. Qc2 f5 8. a3 Bxc3+ 9. bxc3 O-O 10. f3 Nxg3 11. hxg3 Qf6 12. Nh3 b6 13. e4 d6 14. Bd3 Nc6 15. Nf2 Ba6 16. O-O-O Na5 17. Rh5 Kg7 18. Rdh1 Bxc4 19. e5 dxe5 20. dxe5 Qxe5 21. Rxh6 Qe3+ 22. Kb1 Rh8 23. Rxh8 Rxh8 24. Rd1 Bb3 25. Qd2 Qxd2 26. Rxd2 Rh2 27. Nh3 Kf6 28. f4 g4 29. Nf2 Bd5 30. Bf1 Nb3 31. Re2 Bc4 32. Rb2 Bxf1 33. Rxb3 Rxg2 34. Nd1 Bd3+ 35. Kc1 Rc2+ 36. Kb1 Rg2+ 37. Kc1 Rxg3 38. Kd2 Bc4 39. Rb4 Rg2+ 40. Kc1 Bd5 41. Ne3 Rg1+ 42. Kd2 Be4 43. Rd4 Ra1 44. Rd8 Rxa3 45. Ke1 Rxc3 46. Ke2 Bf3+ 47. Kf2 a5 48. Nf1 a4 49. Rd7 a3 50. Ng3 a2 51. Nh5+ Kg6 52. Ng7 Rc2+ 53. Kg3 a1=Q 54. Ne8 Qg1+ 55. Kh4 Qh2# 0-1


[Site "https://www.chess.com"]

[Event "Titled Tuesday Blitz November 01 Early 2022"]
[White "Vakhania, Alexandra"]
[Black "Zacurdajev, Dmitry"]
[WhiteFideId "13602560"]
[BlackFideId "4196309"]
[WhiteElo "2053"]
[BlackElo "2179"]
[Result "1-0"]
[Round "08"]
[TimeControl "180+1"]
[Date "2022.11.02"]
[WhiteClock "0:00:57"]
[BlackClock "0:00:01"]

1. d4 d5 2. Nf3 e6 3. Bf4 Nf6 4. e3 Bd6 5. Nbd2 O-O 6. Bd3 b6 7. Qe2 c5 8. Bxd6 Qxd6 9. c3 Nbd7 10. O-O Bb7 11. e4 dxe4 12. Nxe4 Nxe4 13. Bxe4 Bxe4 14. Qxe4 Nf6 15. Qh4 Rfd8 16. Rad1 c4 17. Ne5 b5 18. f4 Rac8 19. f5 Rc7 20. Rde1 exf5 21. Rxf5 b4 22. Ref1 bxc3 23. bxc3 Qe6 24. Rxf6 gxf6 25. Rxf6 Qd5 26. Qg5+ Kf8 27. Qh6+ Ke7 28. Rxf7+ Ke8 29. Qf8# 1-0


[Site "https://www.chess.com"]

[Event "Titled Tuesday Blitz November 01 Early 2022"]
[White "Vifleemskaia, Svetlana"]
[Black "Fathy, Elameir"]
[WhiteFideId "4129490"]
[BlackFideId "10600396"]
[WhiteElo "1929"]
[BlackElo "2311"]
[Result "1-0"]
[Round "08"]
[TimeControl "180+1"]
[Date "2022.11.02"]
[WhiteClock "0:00:08"]
[BlackClock "0:00:02"]

1. d4 d5 2. c4 e6 3. Nc3 c6 4. cxd5 exd5 5. Qc2 Bd6 6. Nf3 Ne7 7. e4 dxe4 8. Nxe4 O-O 9. Nxd6 Qxd6 10. Bd3 h6 11. O-O Nd5 12. a3 Nd7 13. h3 Re8 14. b4 Nf8 15. Ne5 Be6 16. Qc5 Qc7 17. Bb2 Nd7 18. Qc2 Rad8 19. Bh7+ Kh8 20. Bf5 Bxf5 21. Qxf5 Nxe5 22. dxe5 Re6 23. Rad1 Rde8 24. Rfe1 a6 25. Qc2 Rc8 26. Qf5 Rce8 27. Qc2 Qe7 28. g3 Qg5 29. Kh2 f6 30. f4 Nxf4 31. gxf4 Qxf4+ 32. Kg2 fxe5 33. Qe4 Qg5+ 34. Qg4 Qe7 35. Re4 Kh7 36. Rde1 Rg6 37. Kh2 Rxg4 38. Rxg4 Qd6 39. Reg1 Qd2+ 40. R1g2 Qd7 41. h4 Re7 42. h5 Qf5 43. Rh4 Qe6 44. Kh1 Qg4 45. Rhxg4 1-0


[Site "https://www.chess.com"]

[Event "Titled Tuesday Blitz November 01 Early 2022"]
[White "Villamayor, Buenaventura"]
[Black "Sokolovsky, Yahli"]
[WhiteFideId "5200393"]
[BlackFideId "2820242"]
[WhiteElo "2301"]
[BlackElo "2316"]
[Result "0-1"]
[Round "08"]
[TimeControl "180+1"]
[Date "2022.11.02"]
[WhiteClock "0:00:09"]
[BlackClock "0:00:11"]

1. e4 d6 2. d4 g6 3. Nc3 Bg7 4. f4 Nc6 5. d5 Nb8 6. Nf3 e6 7. Bc4 exd5 8. Nxd5 Nf6 9. Nxf6+ Qxf6 10. e5 dxe5 11. fxe5 Qb6 12. Qe2 O-O 13. Be3 Qxb2 14. Bd4 Qa3 15. O-O Nc6 16. c3 Bg4 17. h3 Bxf3 18. Qxf3 Nxe5 19. Bxe5 Bxe5 20. Bxf7+ Kg7 21. Rae1 Qxc3 22. Qd5 Qd4+ 23. Kh1 Bf6 24. Qxb7 Rad8 25. Be6 Qb6 26. Qe4 Rde8 27. Qc4 Re7 28. Bd5 Rfe8 29. Rxe7+ Rxe7 30. Qg4 Qd6 31. Bb3 Qe5 32. Qc8 Kh6 33. Qf8+ Bg7 34. Qf3 Qg5 35. Qf2 Re3 36. h4 Qg3 37. Qxg3 Rxg3 38. Rf7 Rc3 39. g4 Rc1+ 40. Kg2 Be5 41. g5+ Kh5 42. Rxh7+ Kg4 43. Be6+ Kf4 44. Rf7+ Ke4 45. Rg7 Rc2+ 46. Kh3 Bxg7 47. Bf7 Kf4 48. Bxg6 Rc1 49. h5 Rh1+ 50. Kg2 Rh4 51. h6 Bxh6 52. gxh6 Rg4+ 0-1


[Site "https://www.chess.com"]

[Event "Titled Tuesday Blitz November 01 Early 2022"]
[White "Weetik, Vjacheslav"]
[Black "Bilan, Danila"]
[WhiteFideId "4153472"]
[BlackFideId "24161918"]
[WhiteElo "2469"]
[BlackElo "2203"]
[Result "1-0"]
[Round "08"]
[TimeControl "180+1"]
[Date "2022.11.02"]
[WhiteClock "0:00:02"]
[BlackClock "0:00:01"]

1. d4 d5 2. Bf4 Nf6 3. e3 c5 4. c3 Nc6 5. Nd2 e6 6. Bd3 Bd6 7. Bxd6 Qxd6 8. f4 cxd4 9. cxd4 Bd7 10. a3 Rc8 11. Ngf3 Ne7 12. Ne5 Nf5 13. Qe2 Qe7 14. O-O O-O 15. g4 Nd6 16. g5 Nfe4 17. Kh1 g6 18. Ndf3 a6 19. a4 Rc7 20. Ng4 Rfc8 21. Nfe5 b5 22. a5 Nf5 23. Bxe4 dxe4 24. Nf6+ Kg7 25. Qg2 Bc6 26. Qh3 h5 27. gxh6+ Nxh6 28. Nh5+ gxh5 29. Qxh5 Kh7 30. Rg1 Qf6 31. Rg5 Bd5 32. Rag1 Rc1 33. h3 Rxg1+ 34. Kxg1 Rg8 35. h4 Rg7 36. Kh2 b4 37. Kh3 b3 38. Kh2 Kh8 39. Ng4 Rxg5 40. hxg5 1-0


[Site "https://www.chess.com"]

[Event "Titled Tuesday Blitz November 01 Early 2022"]
[White "Wessendorf, Thomas, Dr."]
[Black "Pham, Khoi"]
[WhiteFideId "4604270"]
[BlackFideId "1054988"]
[WhiteElo "2280"]
[BlackElo "2472"]
[Result "0-1"]
[Round "08"]
[TimeControl "180+1"]
[Date "2022.11.02"]
[WhiteClock "0:00:04"]
[BlackClock "0:00:29"]

1. e4 e6 2. d4 d5 3. Nd2 c5 4. Ngf3 cxd4 5. exd5 Qxd5 6. Bc4 Qd6 7. O-O Nf6 8. Nb3 Be7 9. Nbxd4 O-O 10. Qe2 a6 11. a4 b6 12. Rd1 Qc7 13. Ne5 Bb7 14. Bf4 Qc8 15. Nxf7 Rxf7 16. Bxe6 Qf8 17. Nf5 Nc6 18. Bxf7+ Qxf7 19. Bd6 Bf8 20. Bxf8 Rxf8 21. Rd6 Nd5 22. Ng3 Nf4 23. Qd2 Ne5 24. f3 Nc4 25. Qd4 Nxd6 26. Qxd6 Qc4 27. Rd1 Qxc2 28. Rd2 Qc1+ 29. Kf2 Qc5+ 30. Qxc5 bxc5 31. Ne4 Bxe4 32. fxe4 Ne6+ 33. Ke3 Nd4 34. Rd3 Kf7 35. Rc3 Ne6 36. b3 Rb8 37. Kf3 Kf6 38. g3 Ke5 39. Rd3 Rxb3 40. Rxb3 Nd4+ 41. Ke3 Nxb3 42. Kd3 Na5 43. Kc3 Kxe4 0-1


[Site "https://www.chess.com"]

[Event "Titled Tuesday Blitz November 01 Early 2022"]
[White "Winkels, Marcel"]
[Black "Quirke, Jeffrey"]
[WhiteFideId "1003887"]
[BlackFideId "2013029"]
[WhiteElo "1900"]
[BlackElo "2188"]
[Result "0-1"]
[Round "08"]
[TimeControl "180+1"]
[Date "2022.11.02"]
[WhiteClock "0:00:20"]
[BlackClock "0:00:14"]

1. d4 d5 2. Bf4 Nf6 3. Nc3 Bf5 4. e3 e6 5. Bd3 Bxd3 6. Qxd3 a6 7. Nf3 c5 8. O-O Nc6 9. Ne5 cxd4 10. exd4 Be7 11. Rfe1 Rc8 12. a3 O-O 13. Ne2 b5 14. c3 Na5 15. Ng3 Nc4 16. Qe2 Nd6 17. a4 Qb6 18. axb5 axb5 19. Nh5 Nxh5 20. Qxh5 Qb7 21. Nd3 Ne4 22. Ra5 b4 23. f3 Nf6 24. Qh4 bxc3 25. bxc3 Rxc3 26. Ne5 Qb4 27. Raa1 Qxd4+ 28. Kh1 Ne4 29. Rxe4 dxe4 30. Qxe7 Rc2 31. Qh4 Qxa1+ 0-1


[Site "https://www.chess.com"]

[Event "Titled Tuesday Blitz November 01 Early 2022"]
[White "Winterberg, Lukas"]
[Black "Vovk, Orest"]
[WhiteFideId "24622702"]
[BlackFideId "14113490"]
[WhiteElo "2349"]
[BlackElo "2215"]
[Result "0-1"]
[Round "08"]
[TimeControl "180+1"]
[Date "2022.11.02"]
[WhiteClock "0:00:02"]
[BlackClock "0:00:01"]

1. Nf3 Nf6 2. g3 g5 3. Bg2 g4 4. Nd4 e5 5. Nb3 d5 6. d3 h5 7. Nc3 Be6 8. Bg5 Be7 9. e4 d4 10. Ne2 Nc6 11. c3 Qd7 12. cxd4 exd4 13. O-O O-O-O 14. Rc1 Kb8 15. Nc5 Qc8 16. Qa4 Rhg8 17. Bf4 h4 18. b4 Nh5 19. b5 Nxf4 20. Nxf4 Ne5 21. Nd5 Bxc5 22. Rxc5 Bxd5 23. exd5 Nf3+ 24. Bxf3 gxf3 25. Qd1 Qg4 26. Kh1 Rh8 27. Rg1 Rde8 28. Rc2 Re2 29. d6 cxd6 30. Qc1 hxg3 31. Rxg3 Qh5 32. h3 Qf5 33. Kh2 Re6 34. Qg5 Qxg5 35. Rxg5 Re2 36. Rxe2 fxe2 37. Rg1 Rh5 38. Re1 Rxb5 39. Rxe2 Rf5 40. h4 Rf3 41. h5 Rf5 42. Kg3 Rxh5 43. Re8+ Kc7 44. Re7+ Kc6 45. Rxf7 Ra5 46. f4 Ra3 47. f5 Rxd3+ 48. Kf4 Rd2 49. Kf3 Rxa2 50. f6 Ra1 51. Kf2 d3 52. Ke3 Rf1 53. Kxd3 a5 54. Kc4 Rf4+ 55. Kb3 b5 56. Kc3 Rf3+ 57. Kd4 a4 58. Rf8 Kd7 59. f7 Ke7 60. Rb8 Rxf7 61. Rxb5 Rf4+ 62. Kd5 Rh4 63. Rb7+ Kd8 64. Ra7 Kc8 65. Kxd6 Kb8 66. Ra5 Kb7 67. Re5 Kb6 68. Re8 Kb5 69. Rb8+ Kc4 70. Kc6 a3 71. Ra8 Kb3 72. Rh8 Rxh8 0-1


[Site "https://www.chess.com"]

[Event "Titled Tuesday Blitz November 01 Early 2022"]
[White "Xiong, Jeffery"]
[Black "Terry, Renato"]
[WhiteFideId "2047640"]
[BlackFideId "3803457"]
[WhiteElo "2919"]
[BlackElo "2989"]
[Result "1/2-1/2"]
[Round "08"]
[TimeControl "180+1"]
[Date "2022.11.01"]
[WhiteClock "0:01:22"]
[BlackClock "0:00:51"]

1. e4 e6 2. d4 d5 3. e5 c5 4. c3 Qb6 5. Nf3 Bd7 6. Bd3 cxd4 7. Nxd4 Nc6 8. Nxc6 bxc6 9. O-O Ne7 10. Qe2 c5 11. c4 Bc6 12. Nc3 Rd8 13. Bg5 h6 14. Bh4 dxc4 15. Bxc4 g5 16. Bg3 Nf5 17. Qh5 Ng7 18. Qe2 Nf5 19. Rad1 h5 20. Rxd8+ Qxd8 21. Bb5 Qb6 22. Bxc6+ Qxc6 23. f4 h4 24. Bf2 h3 25. Qe4 Qxe4 26. Nxe4 gxf4 27. Nf6+ Kd8 28. Rd1+ Kc8 29. Rd7 Be7 30. Rxa7 Kb8 31. Rd7 Kc8 32. Ra7 Kb8 33. Rd7 Kc8 34. Ra7 1/2-1/2


[Site "https://www.chess.com"]

[Event "Titled Tuesday Blitz November 01 Early 2022"]
[White "Yeletsky, Ivan"]
[Black "Gurevich, Dmitry"]
[WhiteFideId "24180327"]
[BlackFideId "2000407"]
[WhiteElo "2391"]
[BlackElo "2506"]
[Result "1-0"]
[Round "08"]
[TimeControl "180+1"]
[Date "2022.11.02"]
[WhiteClock "0:00:19"]
[BlackClock "0:00:03"]

1. e4 c5 2. Nf3 d6 3. c3 Nf6 4. Qc2 g6 5. d4 cxd4 6. cxd4 Bg7 7. Nc3 O-O 8. h3 Nc6 9. d5 Nb4 10. Qb1 a5 11. a3 Na6 12. Be2 Bd7 13. Be3 Nc5 14. O-O Nb3 15. Ra2 a4 16. Rd1 Qc7 17. Nd4 Rfc8 18. Qc2 Nxd4 19. Bxd4 e5 20. dxe6 Bxe6 21. Raa1 Bb3 22. Qd2 Bxd1 23. Rxd1 Qc6 24. Bf3 Qc4 25. Qf4 Nh5 26. Qe3 Nf6 27. Qg5 Qe6 28. Qb5 Rc7 29. Nxa4 Nxe4 30. Bxg7 Kxg7 31. Nb6 Re8 32. Re1 Rc5 33. Qb4 Re5 34. Nc4 d5 35. Nxe5 Qxe5 36. Bxe4 dxe4 37. Qxb7 Qd4 38. Qc6 Re6 39. Qc1 f5 40. b4 g5 41. Qxg5+ Rg6 42. Qxf5 Rf6 43. Qg5+ Rg6 44. Qe3 Qd5 45. Qxe4 1-0


[Site "https://www.chess.com"]

[Event "Titled Tuesday Blitz November 01 Early 2022"]
[White "Zakhartsov, Vladimir"]
[Black "Deac, Bogdan-Daniel"]
[WhiteFideId "4145097"]
[BlackFideId "1226380"]
[WhiteElo "2818"]
[BlackElo "2972"]
[Result "0-1"]
[Round "08"]
[TimeControl "180+1"]
[Date "2022.11.01"]
[WhiteClock "0:00:05"]
[BlackClock "0:00:03"]

1. e4 e5 2. Nf3 Nc6 3. Nc3 Nf6 4. a3 g6 5. Bc4 Bg7 6. d3 h6 7. O-O d6 8. h3 O-O 9. Be3 Be6 10. Bxe6 fxe6 11. Ne2 Nh5 12. b4 Rxf3 13. gxf3 Qh4 14. Kg2 Rf8 15. c3 Qf6 16. Ng3 Nf4+ 17. Bxf4 exf4 18. Ne2 Ne5 19. Nd4 c5 20. Nc2 Qg5+ 21. Kh2 Qh5 22. Ne1 Nc6 23. Rc1 b6 24. Rg1 d5 25. b5 Ne5 26. d4 Nc4 27. dxc5 bxc5 28. Nd3 dxe4 29. fxe4 f3 30. Rg3 Nd6 31. c4 Nxe4 32. Rg4 Be5+ 33. Nxe5 Qxe5+ 34. Kg1 h5 35. Rxe4 Qg5+ 36. Kf1 Qg2+ 37. Ke1 Qg1+ 38. Kd2 Rd8+ 39. Kc2 Rxd1 40. Rxd1 Qxf2+ 41. Rd2 Qf1 42. Re3 f2 43. Ree2 Qxe2 0-1


[Site "https://www.chess.com"]

[Event "Titled Tuesday Blitz November 01 Early 2022"]
[White "Zaksaite, Salomeja"]
[Black "Arbunic Castro, Giovanna"]
[WhiteFideId "12801496"]
[BlackFideId "3400549"]
[WhiteElo "2094"]
[BlackElo "1828"]
[Result "1-0"]
[Round "08"]
[TimeControl "180+1"]
[Date "2022.11.02"]
[WhiteClock "0:01:38"]
[BlackClock "0:01:35"]

1. e4 g6 2. d4 Bg7 3. Nc3 c5 4. dxc5 Qa5 5. Bd3 Bxc3+ 6. bxc3 Qxc3+ 7. Bd2 Qxc5 8. Ne2 Nf6 9. O-O O-O 10. Rb1 a6 11. Bb4 Qe5 12. f4 Qe6 13. f5 gxf5 14. Rxf5 Nc6 15. Nf4 Qxa2 16. Rxf6 exf6 17. Qg4+ Kh8 18. Bxf8 Qxb1+ 19. Bf1 Qb6+ 20. Kh1 1-0


[Site "https://www.chess.com"]

[Event "Titled Tuesday Blitz November 01 Early 2022"]
[White "Zhigalko, Sergei"]
[Black "Orozbaev, Eldiar"]
[WhiteFideId "13502956"]
[BlackFideId "13802240"]
[WhiteElo "2662"]
[BlackElo "2244"]
[Result "0-1"]
[Round "08"]
[TimeControl "180+1"]
[Date "2022.11.01"]
[WhiteClock "0:00:01"]
[BlackClock "0:00:21"]

1. e4 e6 2. d4 d5 3. e5 c5 4. c3 Nc6 5. Nf3 Qb6 6. a3 f6 7. Bd3 c4 8. Bc2 fxe5 9. dxe5 g6 10. O-O Bg7 11. Re1 Nh6 12. b3 cxb3 13. Bxb3 Ng4 14. Be3 Nxe3 15. Rxe3 O-O 16. Nbd2 Bd7 17. c4 Ne7 18. Rb1 Qa6 19. cxd5 exd5 20. Ne4 Kh8 21. Nc5 Qc6 22. Nxd7 Qxd7 23. e6 Qd6 24. Ng5 Kg8 25. Nf7 Qc5 26. Rc1 Qa5 27. h4 d4 28. Rh3 Rac8 29. h5 Rxc1 30. Qxc1 Rc8 31. Qf4 Qf5 32. Qxf5 gxf5 33. h6 Bf6 34. Rf3 Rc3 35. Rg3+ Kf8 36. Kf1 Nc6 37. Rxc3 dxc3 38. Ba4 Nd4 39. Nd6 b5 0-1


[Site "https://www.chess.com"]

[Event "Titled Tuesday Blitz November 01 Early 2022"]
[White "Zilleruelo Irizarry, Diego"]
[Black "Yurovskykh, Oleksandr"]
[WhiteFideId "3101460"]
[BlackFideId "14134020"]
[WhiteElo "1998"]
[BlackElo "2303"]
[Result "1/2-1/2"]
[Round "08"]
[TimeControl "180+1"]
[Date "2022.11.02"]
[WhiteClock "0:00:16"]
[BlackClock "0:00:09"]

1. e4 d5 2. exd5 Qxd5 3. Nc3 Qd8 4. Nf3 Bg4 5. h3 Bxf3 6. Qxf3 c6 7. Bc4 e6 8. d3 Nd7 9. Bf4 Ngf6 10. O-O Be7 11. Rfe1 O-O 12. Bh2 Nd5 13. Bb3 Nxc3 14. bxc3 Nf6 15. Be5 Bd6 16. d4 Bxe5 17. Rxe5 Qd6 18. Rae1 Rac8 19. Rxe6 fxe6 20. Rxe6 Qb8 21. Rxf6+ Kh8 22. Rf7 Rxf7 23. Qxf7 Qc7 24. Qf5 Re8 25. Kf1 Qe7 26. g4 Rf8 27. Qe5 Qxe5 28. dxe5 g5 29. Ke2 Kg7 30. Ke3 Rf4 31. Be6 h6 32. c4 c5 33. Bd5 b6 34. c3 Kf8 35. f3 Ke7 36. Ke2 a6 37. a4 Kd7 38. Ke3 Kc7 39. Ke2 Kd7 40. Ke3 Ke7 41. Ke2 h5 42. Ke3 hxg4 43. hxg4 Kd7 44. Kd3 Kd8 45. Ke3 Ke7 46. Kd3 a5 47. Ke3 Kf8 48. Kd3 Kg7 49. Ke3 Rf8 50. Ke4 Rf4+ 51. Ke3 Kf8 52. Kd3 Ke8 53. Ke3 Kd7 54. Kd3 Ke7 55. Ke3 Kd7 56. Kd3 Rf8 57. Ke4 Ke7 58. Ke3 Rf4 59. Kd3 Kd7 60. Ke3 Kd8 61. Kd3 Ke7 1/2-1/2


[Site "https://www.chess.com"]

[Event "Titled Tuesday Blitz November 01 Early 2022"]
[White "Aaditya Dhingra"]
[Black "Mirzoev, Azer"]
[WhiteFideId "25678191"]
[BlackFideId "13400304"]
[WhiteElo "2054"]
[BlackElo "2525"]
[Result "1/2-1/2"]
[Round "09"]
[TimeControl "180+1"]
[Date "2022.11.02"]
[WhiteClock "0:01:04"]
[BlackClock "0:00:25"]

1. e4 c5 2. Nf3 e6 3. g3 a6 4. Bg2 b5 5. O-O Bb7 6. Qe2 Nf6 7. e5 Nd5 8. Nc3 Nxc3 9. dxc3 Be7 10. Rd1 O-O 11. a4 b4 12. cxb4 cxb4 13. h4 Qc7 14. Bg5 Nc6 15. Bf4 Rfd8 16. h5 h6 17. Qd2 Bf8 18. g4 Ne7 19. Bg3 Rac8 20. Rac1 a5 21. Nh4 Bxg2 22. Nxg2 Qc6 23. b3 Qf3 24. Qf4 Qxf4 25. Nxf4 Rc3 26. Ne2 Rc6 27. c4 bxc3 28. Rxc3 Rxc3 29. Nxc3 Rc8 30. Rd3 Rc7 31. Kg2 Nc6 32. Nb5 Rb7 33. Rc3 f6 34. f4 Be7 35. Kf3 Kf7 36. Ke4 fxe5 37. fxe5 Ke8 38. Bh4 Kd8 39. Bxe7+ Kxe7 40. Rg3 1/2-1/2


[Site "https://www.chess.com"]

[Event "Titled Tuesday Blitz November 01 Early 2022"]
[White "Aarav Dengla"]
[Black "Korelskiy, Egor"]
[WhiteFideId "45059756"]
[BlackFideId "34329064"]
[WhiteElo "2257"]
[BlackElo "2053"]
[Result "0-1"]
[Round "09"]
[TimeControl "180+1"]
[Date "2022.11.02"]
[WhiteClock "0:00:13"]
[BlackClock "0:00:23"]

1. e4 c5 2. Nf3 e6 3. d4 cxd4 4. Nxd4 a6 5. c4 Nf6 6. Nc3 Qc7 7. Qd3 Nc6 8. f3 Ne5 9. Qe2 b6 10. g4 d6 11. g5 Nfd7 12. f4 Nc6 13. Nxc6 Qxc6 14. Bg2 Bb7 15. Be3 Be7 16. O-O-O Rc8 17. Bf1 O-O 18. Rg1 Nc5 19. Bg2 Qc7 20. h4 Nd7 21. Bf1 b5 22. cxb5 axb5 23. Qxb5 Bxe4 24. Bg2 Bxg2 25. Rxg2 d5 26. Rc2 Bc5 27. Qd3 Bxe3+ 28. Qxe3 Nb6 29. h5 Nc4 30. Qd4 Qb6 31. Qxb6 Nxb6 32. b3 Rc7 33. Rd4 Rfc8 34. Kd2 Nd7 35. h6 Nc5 36. Ke3 Ne4 37. Nxe4 Rxc2 38. Nd2 Rxa2 39. hxg7 Kxg7 40. b4 Rc3+ 41. Ke2 Rb2 42. f5 Rcb3 43. f6+ Kg6 44. Rh4 Rxb4 45. Rh6+ Kxg5 46. Rxh7 Kxf6 0-1


[Site "https://www.chess.com"]

[Event "Titled Tuesday Blitz November 01 Early 2022"]
[White "Adnan, Habib"]
[Black "Do Nascimento,Christian Almeida"]
[WhiteFideId "11202270"]
[BlackFideId "2143801"]
[WhiteElo "2110"]
[BlackElo "2079"]
[Result "1-0"]
[Round "09"]
[TimeControl "180+1"]
[Date "2022.11.02"]
[WhiteClock "0:00:15"]
[BlackClock "0:00:03"]

1. d4 Nf6 2. c4 e6 3. g3 d5 4. Bg2 Be7 5. Nf3 O-O 6. O-O dxc4 7. Qc2 a6 8. Qxc4 b5 9. Qc2 Bb7 10. Bd2 Nbd7 11. Ba5 Rc8 12. b4 Nb6 13. Nbd2 Bd5 14. e4 Bc4 15. Rfd1 Nfd7 16. Bf1 Bxf1 17. Kxf1 Qe8 18. Rac1 f6 19. Qc6 Qf7 20. Qb7 Bd6 21. Qxa6 f5 22. e5 Be7 23. Qxb5 f4 24. g4 Qg6 25. h3 Nd5 26. Qxd7 h5 27. Rc6 hxg4 28. hxg4 Qd3+ 29. Kg1 Ne3 30. Qxe6+ Kh8 31. fxe3 fxe3 32. Qc4 Qh7 33. Kg2 exd2 34. Rh1 Qxh1+ 35. Kxh1 d1=Q+ 36. Kh2 Qxf3 37. Qc2 Bg5 38. Rc3 Bf4+ 39. Kg1 Qxg4+ 40. Kh1 Rf5 41. Qg2 Rh5+ 42. Kg1 Qd1+ 43. Kf2 Qd2+ 44. Kf3 Qxc3+ 45. Kxf4 Rf8+ 46. Ke4 Qe1+ 47. Kd5 Qh1 48. Qxh1 Rxh1 49. Bxc7 g5 50. e6 Re1 51. Be5+ Kg8 52. e7 Re8 53. Bd6 g4 54. b5 Kf7 55. b6 Rb1 56. Kc6 Rc1+ 57. Kd7 Rc4 58. b7 Rc2 59. b8=Q Rxb8 60. Bxb8 Re2 61. Be5 Rxe5 62. dxe5 g3 63. e8=Q+ 1-0


[Site "https://www.chess.com"]

[Event "Titled Tuesday Blitz November 01 Early 2022"]
[White "Agasarov, Benik"]
[Black "Cabezas Solano, David Alejandro"]
[WhiteFideId "13314823"]
[BlackFideId "6507522"]
[WhiteElo "2152"]
[BlackElo "2035"]
[Result "1-0"]
[Round "09"]
[TimeControl "180+1"]
[Date "2022.11.02"]
[WhiteClock "0:00:09"]
[BlackClock "0:00:01"]

1. d4 Nf6 2. c4 e6 3. Nc3 d5 4. Nf3 Be7 5. Bf4 O-O 6. e3 Nbd7 7. Be2 dxc4 8. O-O a6 9. a4 c5 10. d5 exd5 11. Nxd5 Nxd5 12. Qxd5 Nf6 13. Qxd8 Rxd8 14. Bc7 Re8 15. Bxc4 Bf8 16. Ng5 Be6 17. Nxe6 fxe6 18. Rfd1 Rac8 19. Bb6 Rc6 20. a5 Kf7 21. Rac1 Rec8 22. Be2 e5 23. e4 c4 24. f4 Bc5+ 25. Bxc5 Rxc5 26. fxe5 Nxe4 27. Rd7+ Kg8 28. Rxb7 c3 29. Bxa6 cxb2 30. Rxc5 Rxc5 31. Rxb2 Rxa5 32. Bc4+ Kf8 33. Rb8+ Ke7 34. Rb7+ Ke8 35. Bb5+ Kf8 36. g3 Ra2 37. Rb8+ Ke7 38. Re8+ Kf7 39. Rh8 Ra1+ 40. Kg2 Nd2 41. Rxh7 Ra5 42. Bd3 Rxe5 43. Rh4 Re3 44. Rf4+ Ke6 45. Rd4 1-0


[Site "https://www.chess.com"]

[Event "Titled Tuesday Blitz November 01 Early 2022"]
[White "Aizpurua, Patrick Emilio"]
[Black "Melikhov, Evgeny V."]
[WhiteFideId "6600522"]
[BlackFideId "4122046"]
[WhiteElo "2378"]
[BlackElo "2169"]
[Result "1-0"]
[Round "09"]
[TimeControl "180+1"]
[Date "2022.11.02"]
[WhiteClock "0:00:34"]
[BlackClock "0:00:20"]

1. d4 Nf6 2. c4 e6 3. Nf3 d5 4. g3 dxc4 5. Bg2 Nc6 6. O-O Rb8 7. a4 a6 8. e3 Bd6 9. Nfd2 Na5 10. Na3 b5 11. axb5 axb5 12. e4 e5 13. f4 exf4 14. e5 Bxa3 15. Rxa3 Qxd4+ 16. Kh1 Nd7 17. Rxa5 fxg3 18. e6 fxe6 19. Qe1 Nf6 20. Nf3 Qb6 21. Be3 c5 22. Bf4 Rb7 23. Ra8 O-O 24. Bxg3 Nd5 25. Ng5 Rxf1+ 26. Qxf1 Qd8 27. Nxe6 Qf6 28. Rxc8+ Kf7 29. Rf8+ 1-0


[Site "https://www.chess.com"]

[Event "Titled Tuesday Blitz November 01 Early 2022"]
[White "Arbunic Castro, Giovanna"]
[Black "Palacio,Igor Da Paz"]
[WhiteFideId "3400549"]
[BlackFideId "2121140"]
[WhiteElo "1823"]
[BlackElo "2126"]
[Result "0-1"]
[Round "09"]
[TimeControl "180+1"]
[Date "2022.11.02"]
[WhiteClock "0:00:02"]
[BlackClock "0:00:02"]

1. e4 c5 2. g3 Nc6 3. Bg2 g6 4. Ne2 Bg7 5. O-O e5 6. c3 Nge7 7. d3 O-O 8. Be3 b6 9. d4 cxd4 10. cxd4 d6 11. Nbc3 Bb7 12. f4 a5 13. fxe5 dxe5 14. d5 Nb8 15. Qd2 Ba6 16. Rf2 Nd7 17. d6 Nc8 18. Rd1 Bc4 19. Bh3 Be6 20. Bxe6 fxe6 21. Nb5 Rxf2 22. Bxf2 Rb8 23. Nc7 Qf6 24. Qc1 Bf8 25. Qc4 Nxd6 26. Qc6 Qe7 27. g4 Nc5 28. Nc3 Rc8 29. Bxc5 bxc5 30. N7d5 Rxc6 31. Nxe7+ Bxe7 32. Kf2 Rb6 33. b3 Rb4 34. Ke3 Rd4 35. Rc1 Bg5+ 36. Ke2 Bxc1 37. Na4 Rxa4 38. bxa4 Nxe4 39. Kd3 Nd6 40. Kc2 Bf4 41. Kb3 e4 42. Kc3 c4 43. Kd4 e5+ 0-1


[Site "https://www.chess.com"]